[Event "ICC tourney 3131 (30 10)"]
[Site "Internet Chess Club"]
[Date "2023.02.25"]
[Round "1"]
[White "ANGEL, BORYS:BArkadia"]
[Black "procopio, Patti:prostripe"]
[Result "1-0"]
[ICCResult "Black checkmated"]
[WhiteElo "1399"]
[BlackElo "1021"]
[Opening "King's pawn opening"]
[ECO "B07"]
[NIC "VO.17"]
[Time "12:00:06"]
[PlyCount "29"]
[TimeControl "1800+10"]

1. e4 d6 2. d4 c6 3. f4 Nd7 4. Nf3 Ngf6 5. Nc3 e5 6. dxe5 dxe5 7. fxe5 Ng4
8. e6 fxe6 9. Ng5 Ngf6 10. Nxe6 Qb6 11. Bf4 Kf7 12. Ng5+ Kg6 13. e5 Qxb2 14.
Bd3+ Kh6 15. Nf7# {Black checkmated} 1-0

[Event "ICC tourney 3131 (30 10)"]
[Site "Internet Chess Club"]
[Date "2023.02.25"]
[Round "1"]
[White "STINSON, RUSSELL:rcstinson"]
[Black "GAW, ZACHARY:zman-g"]
[Result "1-0"]
[ICCResult "Black checkmated"]
[WhiteElo "1362"]
[BlackElo "972"]
[Opening "Nimzovich-Larsen attack: modern variation"]
[ECO "A01"]
[NIC "VO.08"]
[Time "12:00:14"]
[PlyCount "61"]
[TimeControl "1800+10"]

1. b3 e5 2. Bb2 Nc6 3. e3 d5 4. Bb5 Bd6 5. f4 exf4 6. Bxg7 Qh4+ 7. Kf1 fxe3
8. dxe3 Qg5 9. Bxc6+ bxc6 10. Bxh8 Qf5+ 11. Nf3 Ba6+ 12. Kf2 Nf6 13. Bxf6
Qxf6 14. Qd4 Qxd4 15. Nxd4 Be5 16. c3 c5 17. Ne2 Bxe2 18. Kxe2 d4 19. Kd3
Rd8 20. exd4 cxd4 21. c4 c5 22. Re1 f6 23. Nd2 Kf7 24. Nf3 Bf4 25. g3 Bh6
26. Re2 f5 27. Rae1 Be3 28. Nh4 Kf6 29. Ng2 Bg5 30. Re7 a5 31. R1e6#
{Black checkmated}
1-0

[Event "ICC tourney 3131 (30 10)"]
[Site "Internet Chess Club"]
[Date "2023.02.25"]
[Round "1"]
[White "Qiu, Nikola Jayden:Niko1225"]
[Black "DATTA, GAURAV D:Geebz76"]
[Result "0-1"]
[ICCResult "White resigns"]
[WhiteElo "698"]
[BlackElo "1302"]
[Opening "French: advance variation"]
[ECO "C02"]
[NIC "FR.03"]
[Time "12:25:44"]
[PlyCount "66"]
[TimeControl "1800+10"]

1. e4 e6 2. d4 d5 3. e5 c5 4. c3 Ne7 5. Nf3 Nec6 6. Bg5 Qb6 7. Qd2 cxd4 8.
Nxd4 Nxe5 9. Bb5+ Bd7 10. Bxd7+ Nbxd7 11. O-O h6 12. Bf4 Be7 13. Re1 Ng6 14.
Bg3 O-O 15. Na3 a6 16. Rab1 Bd6 17. Bxd6 Qxd6 18. Nac2 b5 19. Qe2 e5 20. Nf3
e4 21. Nfd4 Nf4 22. Qd2 Nd3 23. Re3 N7e5 24. Ne1 Nc4 25. Qc2 Nxe3 26. fxe3
Nc5 27. Nf5 Qe6 28. Qf2 Rae8 29. Qg3 Qxf5 30. Nc2 Qg5 31. Qd6 Nd3 32. Nd4
Qxe3+ 33. Kh1 Nf2+ {White resigns} 0-1

[Event "ICC tourney 3131 (30 10)"]
[Site "Internet Chess Club"]
[Date "2023.02.25"]
[Round "1"]
[White "JAIN, PIYUSH:Piyush786"]
[Black "HONG, HUNTER:hunterhong"]
[Result "1-0"]
[ICCResult "Black checkmated"]
[WhiteElo "1550"]
[BlackElo "1139"]
[Opening "King's knight's gambit"]
[ECO "C34"]
[NIC "KG.02"]
[Time "12:00:14"]
[PlyCount "67"]
[TimeControl "1800+10"]

1. e4 e5 2. f4 exf4 3. Nf3 Nc6 4. Bc4 Bc5 5. d4 Bd6 6. e5 Qe7 7. O-O Bb4 8.
c3 Ba5 9. b4 Bb6 10. Bxf4 d5 11. exd6 cxd6 12. a4 Ne5 13. Bxe5 dxe5 14. Nxe5
Nf6 15. Nxf7 O-O 16. Re1 Qc7 17. Ne5+ Kh8 18. a5 Nd7 19. Nf7+ Rxf7 20. Bxf7
Nf6 21. Qb3 Bd7 22. axb6 Qf4 23. Rxa7 Rc8 24. Be6 Bxe6 25. Qxe6 Rg8 26. Qe5
Qh4 27. Rxb7 Ng4 28. Qg3 Qh5 29. Rbe7 Rf8 30. b7 Qb5 31. b8=Q Rxb8 32. Qxb8+
Qxb8 33. Re8+ Qxe8 34. Rxe8# {Black checkmated} 1-0

[Event "ICC tourney 3131 (30 10)"]
[Site "Internet Chess Club"]
[Date "2023.02.25"]
[Round "1"]
[White "KRIGER, DMITRIY:dkriger"]
[Black "Lin, James:MeLikeGame"]
[Result "1-0"]
[ICCResult "Black checkmated"]
[WhiteElo "917"]
[BlackElo "1339"]
[Opening "Queen's pawn game, Rubinstein (Colle-Zukertort) variation"]
[ECO "D05"]
[NIC "QP.06"]
[Time "12:00:15"]
[PlyCount "65"]
[TimeControl "1800+10"]

1. d4 Nf6 2. Nf3 e6 3. e3 d5 4. Bd3 c5 5. b3 Be7 6. Bb2 b6 7. O-O O-O 8.
Nbd2 Bb7 9. Ne5 Nbd7 10. f4 Nxe5 11. fxe5 Ne4 12. Rf3 c4 13. bxc4 Nxd2 14.
Rh3 Ne4 15. cxd5 Bxd5 16. c4 Bb7 17. Qf3 f5 18. Qh5 Ng5 19. Rg3 Nf7 20. d5
exd5 21. cxd5 Bxd5 22. e6 Ng5 23. h4 Nxe6 24. Bxf5 Rxf5 25. Qxf5 Bc4 26. Qe5
Bf8 27. h5 Qd7 28. Qe4 b5 29. Qxa8 Qd2 30. Be5 Bd5 31. Qxa7 Bc5 32. Rxg7+
Nxg7 33. Qxg7# {Black checkmated} 1-0

[Event "ICC tourney 3131 (30 10)"]
[Site "Internet Chess Club"]
[Date "2023.02.25"]
[Round "1"]
[White "ENGTRO, GEIR:Gengeng"]
[Black "Cao, Frank Zhongtian:FrankCao"]
[Result "0-1"]
[ICCResult "White checkmated"]
[WhiteElo "894"]
[BlackElo "1314"]
[Opening "QGD: semi-Slav, Noteboom variation"]
[ECO "D31"]
[NIC "SL.06"]
[Time "12:01:03"]
[PlyCount "72"]
[TimeControl "1800+10"]

1. d4 d5 2. c4 e6 3. Nc3 c6 4. Nf3 dxc4 5. e4 b5 6. a4 Bb4 7. Bd2 a5 8. axb5
Bxc3 9. bxc3 cxb5 10. Be2 Bb7 11. e5 Ne7 12. O-O O-O 13. Bg5 h6 14. Bh4 Qc7
15. Ra3 Nf5 16. Qa1 Nd7 17. Nd2 Nxh4 18. g3 Nf5 19. Bf3 Bxf3 20. Nxf3 Ne7
21. Qa2 Ra7 22. Ra1 Rfa8 23. Nd2 Nc6 24. Ne4 b4 25. cxb4 axb4 26. Rxa7 Rxa7
27. Qb2 c3 28. Qc2 Rxa1+ 29. Kg2 Nxd4 30. Qd3 c2 31. Qxd4 c1=Q 32. Nd6 Qf1+
33. Kf3 Qc6+ 34. Kg4 f5+ 35. Kh5 Qh3+ 36. Kg6 Nf8# {White checkmated} 0-1

[Event "ICC tourney 3131 (30 10)"]
[Site "Internet Chess Club"]
[Date "2023.02.25"]
[Round "1"]
[White "ASKEW, GEORGE:BlueStorm"]
[Black "BHOSALE, ARNAV:avbhosale"]
[Result "0-1"]
[ICCResult "White resigns"]
[WhiteElo "1322"]
[BlackElo "914"]
[Opening "Trompowsky attack (Ruth, Opocenský opening)"]
[ECO "A45"]
[NIC "QP.07"]
[Time "12:00:29"]
[PlyCount "66"]
[TimeControl "1800+10"]

1. d4 Nf6 2. Bg5 g6 3. Bxf6 exf6 4. e3 d5 5. g3 Be6 6. Bg2 c5 7. c3 Nc6 8.
Nd2 cxd4 9. exd4 Be7 10. Ne2 Bd6 11. O-O O-O 12. Qb3 Na5 13. Qd1 Rc8 14. Re1
Re8 15. Rc1 Bb8 16. Nf1 Nc4 17. Rc2 Bf5 18. Rc1 Nxb2 19. Qd2 Nd3 20. Ne3
Nxe1 21. Nxf5 Nxg2 22. Nh6+ Kg7 23. Kxg2 Rxe2 24. Nf5+ gxf5 25. Qxe2 Qe8 26.
Qh5 Qe4+ 27. f3 Qd3 28. Rf1 Rxc3 29. g4 Rc2+ 30. Rf2 Rxf2+ 31. Kxf2 Qxd4+
32. Ke2 fxg4 33. fxg4 Qe5+ {White resigns} 0-1

[Event "ICC tourney 3131 (30 10)"]
[Site "Internet Chess Club"]
[Date "2023.02.25"]
[Round "1"]
[White "ANGELCHIK, JACOB:t105mm"]
[Black "HIBBS, ROBERT:BotanicalKnight"]
[Result "0-1"]
[ICCResult "White checkmated"]
[WhiteElo "1136"]
[BlackElo "1471"]
[Opening "Queen's pawn game"]
[ECO "D02"]
[NIC "QP.08"]
[Time "12:01:23"]
[PlyCount "106"]
[TimeControl "1800+10"]

1. d4 d5 2. Nf3 e6 3. Bf4 f5 4. e3 Nf6 5. c4 c6 6. Nc3 Be7 7. cxd5 exd5 8.
Bd3 O-O 9. O-O Ne4 10. Bxe4 fxe4 11. Ne5 Nd7 12. Qb3 Kh8 13. Rad1 Nxe5 14.
dxe5 Qb6 15. Qxb6 axb6 16. a3 Bg4 17. f3 exf3 18. gxf3 Bh5 19. Kg2 Rf5 20.
Rd2 g5 21. Bg3 Raf8 22. Rdf2 Bc5 23. Nd1 b5 24. e6 Re8 25. e4 dxe4 26. fxe4
Rxf2+ 27. Bxf2 Bxf2 28. Nxf2 Rxe6 29. Re1 Kg7 30. Nd3 Bg6 31. Nc5 Re5 32.
Nxb7 Rxe4 33. Rc1 Re2+ 34. Kg3 Rc2 35. Rxc2 Bxc2 36. Nd8 Be4 37. Kf2 Kf6 38.
Ke3 Bd5 39. Kd4 h5 40. b3 Bxb3 41. Nxc6 Kf5 42. Ke3 Kg4 43. Nd4 Bc4 44. Kf2
Kf4 45. Nf3 g4 46. Ng1 h4 47. h3 g3+ 48. Ke1 Ke3 49. a4 bxa4 50. Ne2 g2 51.
Ng1 a3 52. Ne2 a2 53. Nc1 g1=Q# {White checkmated} 0-1

[Event "ICC tourney 3131 (30 10)"]
[Site "Internet Chess Club"]
[Date "2023.02.25"]
[Round "1"]
[White "GAW, CHRISTIAN:cman-g"]
[Black "WHALEN, JAMES:baystatejim1776"]
[Result "0-1"]
[ICCResult "White checkmated"]
[WhiteElo "992"]
[BlackElo "1368"]
[Opening "Sicilian: Najdorf, Lipnitzky attack"]
[ECO "B90"]
[NIC "SI.13"]
[Time "12:01:03"]
[PlyCount "154"]
[TimeControl "1800+10"]

1. e4 c5 2. Nf3 d6 3. d4 cxd4 4. Nxd4 Nf6 5. Nc3 a6 6. Bc4 Qc7 7. b3 b5 8.
Bd5 Qxc3+ 9. Bd2 Qxd4 10. Bxa8 Nxe4 11. Bxe4 Qxe4+ 12. Kf1 Bb7 13. f3 Qd4
14. Rb1 e6 15. Qe2 Be7 16. c3 Qf6 17. Re1 O-O 18. Kg1 d5 19. Qe5 Qg6 20. Qg3
Bc5+ 21. Be3 Bxe3+ 22. Rxe3 Qxg3 23. hxg3 Nd7 24. Rd3 Nc5 25. Rd4 e5 26. Rg4
f5 27. Rg5 e4 28. Kf2 f4 29. gxf4 Rxf4 30. Ke3 Rf6 31. fxe4 Nxe4 32. Re5 Ng3
33. Rh3 Nf5+ 34. Kf4 Nh4+ 35. Kg3 Ng6 36. Re8+ Kf7 37. Rd8 Bc6 38. Rh5 Nf8
39. Rh4 g5 40. Rg4 h6 41. Rc8 Ng6 42. c4 bxc4 43. bxc4 Ne5 44. Rd4 Nxc4 45.
Rc7+ Kg6 46. Kh2 Ne3 47. Kh3 Nf5 48. Rd1 g4+ 49. Kh2 Ne3 50. Re1 d4 51. Kg1
Nc2 52. Rc1 d3 53. Rd1 Be4 54. Re7 Ne3 55. Re1 d2 56. Ra1 d1=Q+ 57. Rxd1
Nxd1 58. Rxe4 Nf2 59. Re2 Nd3 60. Rd2 Nc5 61. Rd4 h5 62. Rc4 Rf5 63. Kh2 Kg5
64. g3 Nd7 65. Kg2 Ne5 66. Ra4 Rf6 67. Ra5 Kf5 68. Kf2 Ke4+ 69. Ke2 Rb6 70.
Kd2 Nc4+ 71. Kc3 Nxa5 72. Kd2 Nc6 73. Ke1 Ke3 74. Kf1 Nd4 75. Kg2 Nf3 76. a3
Rb1 77. a4 Rg1# {White checkmated} 0-1

[Event "ICC tourney 3131 (30 10)"]
[Site "Internet Chess Club"]
[Date "2023.02.25"]
[Round "2"]
[White "Lin, James:MeLikeGame"]
[Black "LARSON, CHARLES D:jdchuck68"]
[Result "1-0"]
[ICCResult "Black checkmated"]
[WhiteElo "1339"]
[BlackElo "520"]
[Opening "QGD: Marshall defense"]
[ECO "A50"]
[NIC "QP.07"]
[Time "14:00:12"]
[PlyCount "37"]
[TimeControl "1800+10"]

1. d4 Nf6 2. c4 d5 3. cxd5 Nxd5 4. e4 Nf6 5. Nc3 e6 6. Nf3 Bb4 7. Bd3 Nc6 8.
O-O O-O 9. Bg5 Ne7 10. a3 Bxc3 11. bxc3 h6 12. Bxf6 gxf6 13. Qd2 Ng6 14.
Qxh6 c5 15. e5 cxd4 16. Bxg6 fxg6 17. Qxg6+ Kh8 18. cxd4 Rg8 19. Qh6#
{Black checkmated}
1-0

[Event "ICC tourney 3131 (30 10)"]
[Site "Internet Chess Club"]
[Date "2023.02.25"]
[Round "2"]
[White "WHALEN, JAMES:baystatejim1776"]
[Black "LIN, CARL:K01-17110834"]
[Result "1-0"]
[ICCResult "Black checkmated"]
[WhiteElo "1368"]
[BlackElo "1237"]
[Opening "Giuoco Piano"]
[ECO "C54"]
[NIC "IG.02"]
[Time "14:01:15"]
[PlyCount "117"]
[TimeControl "1800+10"]

1. e4 e5 2. Nf3 Nc6 3. Bc4 Bc5 4. c3 Nf6 5. Qe2 O-O 6. h3 d6 7. b4 Bb6 8.
Bb3 d5 9. d3 h6 10. O-O d4 11. Bb2 Re8 12. Nbd2 dxc3 13. Bxc3 Bd4 14. Nxd4
exd4 15. Bb2 Nxb4 16. a3 Nc6 17. Nf3 Be6 18. Bc2 Qd7 19. Ba4 Qe7 20. Bxc6
bxc6 21. Nxd4 Bd7 22. Rfc1 c5 23. Nb3 c4 24. Rxc4 Be6 25. Rc3 Rab8 26. Qc2
Rec8 27. Nd4 Nd7 28. Nc6 Qg5 29. Nxb8 Bxh3 30. f3 Nxb8 31. Rc5 Qg6 32. g4
Bxg4 33. fxg4 Qxg4+ 34. Qg2 Qxg2+ 35. Kxg2 Nd7 36. Ra5 Rb8 37. Bc3 Rb3 38.
Rc1 c5 39. Rxa7 Nf6 40. Bxf6 gxf6 41. Rxc5 Rxd3 42. Rc8+ Kg7 43. Raa8 Kg6
44. Rg8+ Kh5 45. Ra5+ Kh4 46. Rh8 Kg4 47. Rf5 Rd2+ 48. Kf1 Rd4 49. Rxf6 Rxe4
50. Rg8+ Kh3 51. Rxh6+ Rh4 52. Rxh4+ Kxh4 53. a4 Kh3 54. a5 Kh4 55. a6 Kh5
56. a7 Kh6 57. Rg1 Kh7 58. a8=Q Kh6 59. Qh8# {Black checkmated} 1-0

[Event "ICC tourney 3131 (30 10)"]
[Site "Internet Chess Club"]
[Date "2023.02.25"]
[Round "2"]
[White "MARTIN, DREW DOUGLAS:drewmartin"]
[Black "STINSON, RUSSELL:rcstinson"]
[Result "0-1"]
[ICCResult "White checkmated"]
[WhiteElo "869"]
[BlackElo "1362"]
[Opening "Sicilian defense"]
[ECO "B40"]
[NIC "SI.43"]
[Time "14:00:15"]
[PlyCount "68"]
[TimeControl "1800+10"]

1. e4 c5 2. Nf3 e6 3. e5 Nc6 4. Bc4 Qc7 5. Qe2 Nge7 6. d3 Ng6 7. Nc3 a6 8.
Na4 b5 9. Nxc5 Bxc5 10. Bb3 Ngxe5 11. Nxe5 Qxe5 12. Be3 Bxe3 13. fxe3 O-O
14. d4 Qf6 15. Rf1 Qg6 16. c3 Bb7 17. Bc2 f5 18. O-O-O Rac8 19. Bb3 Na5 20.
Rf2 Nxb3+ 21. axb3 Qg4 22. Qd2 Qe4 23. b4 a5 24. Rf4 Qd5 25. bxa5 b4 26. e4
Qxa5 27. exf5 bxc3 28. bxc3 Rxc3+ 29. Kb1 Qb4+ 30. Qb2 Rb3 31. Rd2 Rxb2+ 32.
Rxb2 Qe1+ 33. Ka2 Bd5+ 34. Ka3 Ra8# {White checkmated} 0-1

[Event "ICC tourney 3131 (30 10)"]
[Site "Internet Chess Club"]
[Date "2023.02.25"]
[Round "2"]
[White "HONG, HUNTER:hunterhong"]
[Black "ENGTRO, GEIR:Gengeng"]
[Result "1-0"]
[ICCResult "Black checkmated"]
[WhiteElo "1139"]
[BlackElo "894"]
[Opening "Sicilian defense"]
[ECO "B40"]
[NIC "SI.43"]
[Time "14:00:14"]
[PlyCount "119"]
[TimeControl "1800+10"]

1. e4 c5 2. Nf3 e6 3. Bc4 d5 4. exd5 exd5 5. Qe2+ Be7 6. Bb5+ Nc6 7. O-O a6
8. Bxc6+ bxc6 9. d3 Nf6 10. Re1 Be6 11. Ng5 Qd6 12. Nxe6 Qxe6 13. Qxe6 fxe6
14. Rxe6 Rc8 15. Bf4 Kf7 16. Re2 Rhe8 17. Nc3 c4 18. dxc4 dxc4 19. Rae1 Rcd8
20. Ne4 h6 21. Nxf6 Bxf6 22. Rxe8 Rxe8 23. Rxe8 Kxe8 24. c3 Kd7 25. Kf1 Ke6
26. Ke2 g5 27. Be3 Kd5 28. f3 h5 29. g4 hxg4 30. fxg4 c5 31. Kf3 Be7 32. b3
cxb3 33. axb3 c4 34. b4 Bd6 35. Bxg5 Bxh2 36. Bf4 Bg1 37. g5 Ke6 38. Ke4 Bb6
39. Be3 a5 40. Bxb6 a4 41. Be3 a3 42. Bc1 a2 43. Bb2 Kd6 44. Kd4 Ke6 45.
Kxc4 Kf5 46. b5 Kxg5 47. b6 Kf6 48. b7 a1=Q 49. Bxa1 Ke7 50. b8=Q Ke6 51.
Qe8+ Kf5 52. Qc6 Ke5 53. Qd5+ Kf6 54. Kc5 Ke7 55. Qd6+ Ke8 56. Qc7 Kf8 57.
Qd7 Kg8 58. Qe7 Kh8 59. c4+ Kg8 60. Qg7# {Black checkmated} 1-0

[Event "ICC tourney 3131 (30 10)"]
[Site "Internet Chess Club"]
[Date "2023.02.25"]
[Round "2"]
[White "BHOSALE, ARNAV:avbhosale"]
[Black "ANGEL, BORYS:BArkadia"]
[Result "1/2-1/2"]
[ICCResult "Game drawn by mutual agreement"]
[WhiteElo "914"]
[BlackElo "1399"]
[Opening "Two knights defense (Modern bishop's opening)"]
[ECO "C55"]
[NIC "IG.01"]
[Time "14:00:16"]
[PlyCount "49"]
[TimeControl "1800+10"]

1. e4 e5 2. Nf3 Nc6 3. Bc4 Nf6 4. d3 Be7 5. Nc3 d6 6. h3 a6 7. a3 b5 8. Ba2
Nd4 9. Be3 c5 10. Nd5 Nxd5 11. Bxd5 Rb8 12. c3 Ne6 13. Qd2 Bb7 14. Bxe6 fxe6
15. Ng5 Qd7 16. Qe2 O-O 17. b3 h6 18. Nf3 Bf6 19. Nd2 Qc6 20. O-O d5 21. f3
d4 22. cxd4 exd4 23. Bf2 e5 24. Bg3 Qe6 25. f4 {Game drawn by mutual
agreement} 1/2-1/2

[Event "ICC tourney 3131 (30 10)"]
[Site "Internet Chess Club"]
[Date "2023.02.25"]
[Round "2"]
[White "ZHANG, LOUIS:louis3400"]
[Black "JAIN, PIYUSH:Piyush786"]
[Result "0-1"]
[ICCResult "White resigns"]
[WhiteElo "1256"]
[BlackElo "1550"]
[Opening "Scandinavian (center counter) defense"]
[ECO "B01"]
[NIC "VO.17"]
[Time "14:00:17"]
[PlyCount "52"]
[TimeControl "1800+10"]

1. e4 d5 2. exd5 e6 3. dxe6 Bxe6 4. Nf3 Bd6 5. Nc3 Qe7 6. Be2 Nf6 7. d3 Nc6
8. Be3 O-O-O 9. a3 h6 10. b4 Ng4 11. O-O h5 12. Nb5 Nce5 13. Nxa7+ Kb8 14.
Nb5 Nxf3+ 15. Bxf3 Bxh2+ 16. Kh1 Be5 17. g3 Bxa1 18. c3 Bd5 19. Bxd5 Rxd5
20. Bc5 Rxc5 21. bxc5 Qxc5 22. Qxa1 Nxf2+ 23. Kg2 Ng4 24. Rxf7 Qxb5 25. c4
Qc6+ 26. Kf1 Qh1+ {White resigns} 0-1

[Event "ICC tourney 3131 (30 10)"]
[Site "Internet Chess Club"]
[Date "2023.02.25"]
[Round "2"]
[White "Bolme, Thomas Bradley:ThomasBradley75"]
[Black "Kale, Shubham:shubham07"]
[Result "0-1"]
[ICCResult "White checkmated"]
[WhiteElo "632"]
[BlackElo "1311"]
[Opening "Modern defense"]
[ECO "A40"]
[NIC "QO.17"]
[Time "14:00:13"]
[PlyCount "56"]
[TimeControl "1800+10"]

1. d4 g6 2. Bf4 Bg7 3. e3 c5 4. Nf3 cxd4 5. exd4 d6 6. Bb5+ Nd7 7. O-O a6 8.
Bd3 Ngf6 9. Nc3 O-O 10. Qd2 b5 11. Bh6 b4 12. Bxg7 bxc3 13. Qh6 Ng4 14. Qg5
Kxg7 15. Qxg4 Nf6 16. Qg5 cxb2 17. Rab1 Rb8 18. Nh4 e6 19. Rfe1 Nd5 20. Qxd8
Rxd8 21. Bc4 Nc3 22. d5 Nxb1 23. dxe6 Bxe6 24. Bxe6 fxe6 25. Rxb1 Rdc8 26.
Nf3 Rxc2 27. Nd4 Rc1+ 28. Rxc1 bxc1=Q# {White checkmated} 0-1

[Event "ICC tourney 3131 (30 10)"]
[Site "Internet Chess Club"]
[Date "2023.02.25"]
[Round "2"]
[White "HIBBS, ROBERT:BotanicalKnight"]
[Black "WILSON, DARRYL J:Combo4U2"]
[Result "1/2-1/2"]
[ICCResult "Game drawn because neither player has mating material"]
[WhiteElo "1471"]
[BlackElo "1252"]
[Opening "French: Labourdonnais variation"]
[ECO "C00"]
[NIC "FR.01"]
[Time "14:00:25"]
[PlyCount "139"]
[TimeControl "1800+10"]

1. e4 e6 2. f4 Ne7 3. Nf3 f6 4. d3 g6 5. Nc3 Bg7 6. g3 O-O 7. Bg2 d6 8. O-O
c6 9. Kh1 Nd7 10. h3 Qc7 11. g4 Nb6 12. Rb1 d5 13. Qe1 Re8 14. Qg3 Bd7 15.
h4 dxe4 16. Nxe4 f5 17. Neg5 fxg4 18. Qxg4 e5 19. Qg3 Nf5 20. Qh2 h6 21. Ne4
Nd5 22. fxe5 Bxe5 23. Nxe5 Qxe5 24. Qxe5 Rxe5 25. c4 Nde3 26. Bxe3 Nxe3 27.
Nf6+ Kg7 28. Nxd7 Rh5 29. Rf3 Nxg2 30. Kxg2 Rxh4 31. Rbf1 h5 32. Rf7+ Kh6
33. R1f4 Rxf4 34. Rxf4 Re8 35. Kf2 Re7 36. Nf6 Kg5 37. Rf3 Re6 38. Ne4+ Kh4
39. Kg2 g5 40. Rh3+ Kg4 41. Nf2+ Kf4 42. Rf3+ Ke5 43. Re3+ Kd6 44. Rxe6+
Kxe6 45. Ne4 g4 46. d4 b6 47. Kg3 Kf5 48. Nd6+ Kg5 49. Nf7+ Kf5 50. Nd6+ Kg5
51. Ne4+ Kf5 52. Nf2 Kg5 53. b4 h4+ 54. Kg2 g3 55. Nd3 Kf5 56. Kf3 a6 57. a4
Kg5 58. Ne5 b5 59. cxb5 cxb5 60. axb5 axb5 61. Nf7+ Kf6 62. Nd6 Ke6 63. Nxb5
Kd5 64. Nc3+ Kxd4 65. b5 Kc5 66. Kg2 Kb6 67. Kh3 Kc5 68. Ne4+ Kxb5 69. Nxg3
hxg3 70. Kxg3 {Game drawn because neither player has mating material}
1/2-1/2

[Event "ICC tourney 3131 (30 10)"]
[Site "Internet Chess Club"]
[Date "2023.02.25"]
[Round "2"]
[White "HAMLETT, JAMES MORRISON:Hamlett144"]
[Black "GAW, CHRISTIAN:cman-g"]
[Result "1-0"]
[ICCResult "Black checkmated"]
[WhiteElo "1200"]
[BlackElo "992"]
[Opening "Evans gambit"]
[ECO "C52"]
[NIC "IG.05"]
[Time "14:00:16"]
[PlyCount "65"]
[TimeControl "1800+10"]

1. e4 e5 2. Nf3 Nc6 3. Bc4 Bc5 4. b4 Bxb4 5. c3 Ba5 6. d4 exd4 7. O-O Nge7
8. cxd4 d5 9. exd5 Nxd5 10. Qb3 Be6 11. Ng5 O-O 12. Nxe6 fxe6 13. Qxb7 Ncb4
14. Ba3 Nc2 15. Bxf8 Nxa1 16. Na3 Qxf8 17. Bxd5 Rd8 18. Bxe6+ Kh8 19. Nc4
Bc3 20. d5 Bd4 21. Ne3 Bxe3 22. fxe3 Qc5 23. Rxa1 Qxe3+ 24. Kh1 Rf8 25. Qb3
Qxb3 26. axb3 Rf2 27. h3 g6 28. Rxa7 Rb2 29. Rxc7 Rxb3 30. d6 Rd3 31. d7 Kg7
32. d8=Q+ Kh6 33. Qh4# {Black checkmated} 1-0

[Event "ICC tourney 3131 (30 10)"]
[Site "Internet Chess Club"]
[Date "2023.02.25"]
[Round "2"]
[White "Cao, Frank Zhongtian:FrankCao"]
[Black "KRIGER, DMITRIY:dkriger"]
[Result "0-1"]
[ICCResult "White resigns"]
[WhiteElo "1314"]
[BlackElo "917"]
[Opening "Sicilian: Richter-Rauzer, Bondarevsky variation"]
[ECO "B60"]
[NIC "SI.27"]
[Time "14:00:24"]
[PlyCount "128"]
[TimeControl "1800+10"]

1. e4 c5 2. Nf3 Nc6 3. d4 cxd4 4. Nxd4 d6 5. Nc3 Nf6 6. Bg5 g6 7. Bxf6 exf6
8. Bc4 Bg7 9. Ndb5 O-O 10. Nxd6 Ne5 11. Bb3 Qb6 12. Nxc8 Raxc8 13. O-O Rfd8
14. Nd5 Qd6 15. Qe2 Nc6 16. Rad1 Qe5 17. Qb5 Rb8 18. Nc3 Rxd1 19. Rxd1 Qf4
20. g3 Qg4 21. Rd6 Ne5 22. Qe2 Qh3 23. f4 Ng4 24. Qg2 Qh5 25. h3 Qc5+ 26.
Kh1 Qxd6 27. hxg4 Rd8 28. Nd5 f5 29. e5 Qd7 30. g5 Qb5 31. Qf3 Qc5 32. c3 a5
33. a4 b5 34. axb5 Qxb5 35. c4 Qc5 36. Kh2 a4 37. Ba2 Rb8 38. Qe2 Qd4 39.
Nc3 a3 40. Nb5 Qxb2 41. Qxb2 axb2 42. Bb1 Bf8 43. Nc3 Bc5 44. Kg2 Rb3 45.
Na4 Ba3 46. c5 Rb4 47. Nc3 Rc4 48. Na2 Bxc5 49. Kf3 Rc1 50. Bd3 b1=Q 51.
Bxb1 Rxb1 52. g4 fxg4+ 53. Kxg4 Rf1 54. Nc3 Kg7 55. Nd5 h5+ 56. gxh6+ Kxh6
57. Nf6 Be3 58. Nd5 Bc1 59. Kg3 Kg7 60. Kg4 Rd1 61. Nf6 Rd4 62. Ne8+ Kf8 63.
Nf6 Rxf4+ 64. Kg3 Ra4 {White resigns} 0-1

[Event "ICC tourney 3131 (30 10)"]
[Site "Internet Chess Club"]
[Date "2023.02.25"]
[Round "2"]
[White "GAW, ZACHARY:zman-g"]
[Black "ASKEW, GEORGE:BlueStorm"]
[Result "1-0"]
[ICCResult "Black resigns"]
[WhiteElo "972"]
[BlackElo "1322"]
[Opening "Caro-Kann: classical variation"]
[ECO "B18"]
[NIC "CK.10"]
[Time "14:00:15"]
[PlyCount "163"]
[TimeControl "1800+10"]

1. e4 c6 2. d4 d5 3. Nc3 dxe4 4. Nxe4 Bf5 5. Nc3 e6 6. Nf3 h6 7. Bd3 Bxd3 8.
Qxd3 Bd6 9. Be3 Nf6 10. h3 Nbd7 11. Qd2 Qc7 12. O-O-O Bb4 13. a3 Bxc3 14.
Qxc3 Ne4 15. Qd3 Nef6 16. Rhe1 O-O-O 17. Bd2 Nd5 18. Ne5 Nxe5 19. dxe5 Rd7
20. Qg3 g5 21. Be3 Qa5 22. Bd2 Qb6 23. Be3 Qc7 24. c4 Nxe3 25. Qxe3 Rxd1+
26. Rxd1 b6 27. c5 Rd8 28. cxb6 axb6 29. Rxd8+ Qxd8 30. Qd2 Qd5 31. Qxd5
cxd5 32. Kd2 Kd7 33. Kd3 Kc6 34. Kd4 Kb5 35. b3 Kc6 36. g4 Kb5 37. f3 Ka5
38. Kc3 Kb5 39. Kd4 Kc6 40. a4 Kb7 41. b4 Ka6 42. Kd3 Kb7 43. Kd4 Kc6 44.
Kd3 Kc7 45. Kd4 Kc6 46. Kd3 Kd7 47. Kd4 Ke7 48. a5 bxa5 49. bxa5 Kd7 50. Kc5
Kc7 51. Kb5 Kb7 52. Kb4 Ka6 53. Ka4 d4 54. Kb4 d3 55. Kc3 Kxa5 56. Kxd3 Kb5
57. Kd4 Kc6 58. Ke4 Kc5 59. f4 gxf4 60. Kxf4 Kd4 61. h4 Kd5 62. h5 f6 63.
exf6 e5+ 64. Kf5 Kd6 65. f7 Ke7 66. Kxe5 Kxf7 67. Kf5 Kg7 68. Ke6 Kh7 69.
Kf7 Kh8 70. Kg6 Kg8 71. Kxh6 Kf7 72. Kg5 Kg7 73. h6+ Kh7 74. Kh5 Kh8 75. g5
Kh7 76. g6+ Kh8 77. g7+ Kg8 78. Kg5 Kf7 79. Kf5 Kg8 80. Kf6 Kh7 81. Kf7 Kxh6
82. g8=Q {Black resigns} 1-0

[Event "ICC tourney 3131 (30 10)"]
[Site "Internet Chess Club"]
[Date "2023.02.25"]
[Round "3"]
[White "WILSON, DARRYL J:Combo4U2"]
[Black "DATTA, GAURAV D:Geebz76"]
[Result "0-1"]
[ICCResult "White checkmated"]
[WhiteElo "1252"]
[BlackElo "1302"]
[Opening "French: King's Indian attack"]
[ECO "C00"]
[NIC "FR.02"]
[Time "16:00:14"]
[PlyCount "54"]
[TimeControl "1800+10"]

1. e4 e6 2. d3 d5 3. exd5 exd5 4. c3 Bd6 5. Qc2 Bf5 6. Nf3 Ne7 7. Be2 c6 8.
O-O Qc7 9. Re1 Nd7 10. g3 O-O-O 11. Nd4 Bh3 12. Be3 h5 13. Nd2 h4 14. N2f3
hxg3 15. fxg3 Bxg3 16. Rec1 Bxh2+ 17. Kh1 Qg3 18. Bf1 Nf5 19. Nxh2 Nxe3 20.
Qe2 Bg2+ 21. Qxg2 Nxg2 22. Nf3 Rxh2+ 23. Nxh2 Rh8 24. Kg1 Rxh2 25. Rc2 Ne3+
26. Bg2 Rxg2+ 27. Rxg2 Qxg2# {White checkmated} 0-1

[Event "ICC tourney 3131 (30 10)"]
[Site "Internet Chess Club"]
[Date "2023.02.25"]
[Round "3"]
[White "LARSON, CHARLES D:jdchuck68"]
[Black "ASKEW, GEORGE:BlueStorm"]
[Result "0-1"]
[ICCResult "White checkmated"]
[WhiteElo "520"]
[BlackElo "1322"]
[Opening "Caro-Kann defense"]
[ECO "B11"]
[NIC "CK.01"]
[Time "16:00:13"]
[PlyCount "66"]
[TimeControl "1800+10"]

1. e4 c6 2. Nc3 d5 3. d3 dxe4 4. dxe4 Qxd1+ 5. Nxd1 Nf6 6. e5 Ng4 7. Be2
Nxe5 8. Nf3 Nxf3+ 9. Bxf3 e5 10. O-O Bd6 11. Re1 O-O 12. Nc3 Na6 13. Ne4 Bc7
14. Be3 Nb4 15. c3 Nc2 16. Rad1 Nxe1 17. Rxe1 Bf5 18. Ng5 h6 19. Ne4 Bb6 20.
Bd2 Rad8 21. Be3 Bxe3 22. fxe3 Bxe4 23. Bxe4 Rd2 24. b4 Rfd8 25. Bf3 Rxa2
26. c4 Rdd2 27. b5 cxb5 28. cxb5 Rab2 29. Bxb7 Rxb5 30. Be4 g6 31. Rc1 Rbb2
32. Rc8+ Kg7 33. Rc7 Rd1# {White checkmated} 0-1